 Dungeon Crawl Stone Soup version 0.29-a0-378-gc08b2e8bf8 (webtiles) character file.

Game seed: 10511494909039335135

19854 Antichthon the Reanimator (level 12, -2/103 HPs)
             Began as a Deep Dwarf Necromancer on May 5, 2022.
             Was a Priest of Makhleb.
             Slain by a yak (3 damage)
             ... led by a torpor snail
             ... on level 4 of the Lair of Beasts.
             The game lasted 00:48:27 (19242 turns).

Antichthon the Reanimator (Deep Dwarf Necromancer) Turns: 19242, Time: 00:48:28

Health: -2/103     AC: 18    Str: 16 (18) XL:     12   Next: 40%
Magic:  28/28 (19) EV: 10    Int: 14 (15) God:    Makhleb [***...]
Gold:   842        SH:  5    Dex: 13      Spells: 24/29 levels left

rFire   . . .      SeeInvis +   a - +4 broad axe (vamp)
rCold   . . .      Faith    .   j - +0 buckler {reflect}
rNeg    . . .      Spirit   .   O - +0 plate armour
rPois   +          Reflect  +   f - +0 helmet
rElec   .          Harm     .   (no cloak)
rCorr   .          Rampage  .   g - +0 pair of gloves
Will    +....                   I - +1 pair of boots
Stlth   ..........              (no amulet)
HPRegen 0.00/turn               M - ring of magical power
MPRegen 0.21/turn               A - +4 ring of evasion

@: slowed, very slow
A: damage resistance, heal wounds, sense surroundings 2, no regeneration, hooves
1, see invisible, deterioration 1, dopey 1, poison resistance, strong 1
a: Heal Wounds, Renounce Religion, Minor Destruction, Lesser Servant of Makhleb


You were on level 4 of the Lair of Beasts.
You worshipped Makhleb.
Makhleb was most pleased with you.
You visited 3 branches of the dungeon, and saw 16 of its levels.
You also visited: Ossuary.

You collected 842 gold pieces.

Inventory:

Hand Weapons
 a - a +4 vampiric broad axe (weapon)
 b - a +2 flail of protection
Armour
 f - a +0 helmet (worn)
 g - a +0 pair of gloves (worn)
 j - a +0 buckler of reflection (worn)
 I - a +1 pair of boots (worn)
 O - a +0 plate armour (worn)
Jewellery
 i - a ring of resist corrosion
 m - a ring of see invisible
 A - a +4 ring of evasion (right hand)
 M - a ring of magical power (left hand)
Wands
 p - a wand of acid (2)
 v - a wand of flame (56)
 D - a wand of digging (6)
 F - a wand of polymorph (9)
Scrolls
 h - 3 scrolls of vulnerability
 l - 3 scrolls of poison
 t - a scroll of silence
 u - 3 scrolls of immolation
 E - 8 scrolls of teleportation
 J - a scroll of summoning
Potions
 c - 4 potions of cancellation
 d - 7 potions of curing
 e - 4 potions of berserk rage
 k - 6 potions of brilliance
 n - 4 potions of might
 o - a potion of degeneration {unknown}
 q - 4 potions of haste
 r - 3 potions of magic
 s - 3 potions of attraction
 x - 2 potions of flight
 z - 3 potions of heal wounds
 B - 3 potions of resistance
 K - a potion of ambrosia {unknown}
 L - a potion of lignification {unknown}


   Skills:
 * Level 5.0 Fighting
 * Level 6.7 Axes
 * Level 7.6 Armour
 * Level 6.3 Dodging
 - Level 2.4 Stealth
 * Level 6.0 Shields
 * Level 9.1 Spellcasting
 * Level 12.4 Necromancy
 * Level 7.1 Invocations


You had 24 spell levels left.
You knew the following spells:

 Your Spells              Type           Power      Damage    Failure   Level
a - Pain                  Necr           100%       1d9       3%          1
b - Vampiric Draining     Necr           41%        2d8       11%         3
c - Animate Skeleton      Necr           82%        N/A       3%          1

Your spell library contained the following spells:

 Spells                   Type           Power      Damage    Failure   Level
 Animate Dead             Necr           20%        N/A       34%         4
 Corpse Rot               Necr/Air       46%        N/A       56%         2
 Agony                    Necr           41%        N/A       67%         5
 Excruciating Wounds      Necr           20%        N/A       67%         5
 Beastly Appendage        Tmut           12%        N/A       99%         1
 Magic Dart               Conj           24%        1d4       99%         1
 Summon Small Mammal      Summ           24%        N/A       99%         1
 Call Imp                 Summ           6%         N/A       100%        2
 Poisonous Vapours        Pois/Air       12%        N/A       100%        2
 Static Discharge         Conj/Air       6%         N/A       100%        2
 Wereblood                Tmut           6%         N/A       100%        2
 Call Canine Familiar     Summ           6%         N/A       100%        3
 Mephitic Cloud           Conj/Pois/Air  6%         N/A       100%        3
 Ozocubu's Armour         Ice            6%         N/A       100%        3
 Portal Projectile        Hex/Tloc       12%        N/A       100%        3
 Spider Form              Tmut/Pois      6%         N/A       100%        3
 Summon Guardian Golem    Hex/Summ       6%         N/A       100%        3
 Animate Armour           Summ/Erth      12%        N/A       100%        4
 Summon Ice Beast         Ice/Summ       6%         N/A       100%        4
 Blade Hands              Tmut           3%         N/A       100%        5
 Lightning Bolt           Conj/Air       3%         1d14      100%        5
 Metabolic Englaciation   Hex/Ice        3%         N/A       100%        5
 Summon Mana Viper        Hex/Summ       6%         N/A       100%        5
 Iron Shot                Conj/Erth      3%         9d2       100%        6
 Simulacrum               Ice/Necr       11%        N/A       100%        6
 Monstrous Menagerie      Summ           3%         N/A       100%        7
 Maxwell's Capacitive Co  Air            3%         ∞         100%        8


Dungeon Overview and Level Annotations

Branches:
Dungeon (11/15)            Temple (1/1) D:5            Lair (4/6) D:9
 Spider (0/4) Lair:3      Ossuary (visited)
  Swamp: Lair:2-4    Shoals: Lair:2-4       Orc: D:9-12

Altars:
Ashenzari
Cheibriados
Dithmenos
Elyvilon
Fedhas
Gozag
Hepliaklqana
Kikubaaqudgha
Makhleb
Nemelex Xobeh
Okawaru
Qazlal
Ru
Sif Muna
Trog
Uskayaw
Vehumet
Wu Jian
Xom
Yredelemnul
Zin
The Shining One

Shops:
D:6 (

Annotations:
D:8 2 transporters, sammy202020's ghost, novice DsBe
D:10 exclusion: orange crystal statue
D:11 Lodul
Lair:2 Fannar
Lair:3 1 runed translucent door


Innate Abilities, Weirdness & Mutations

You are resistant to damage.
You can heal yourself by infusing magical energy.
You passively map the area around you.
You do not regenerate.
You have large cloven feet.
You have supernaturally acute eyesight. (SInv)
Your body sometimes deteriorates upon taking damage.
You are dopey. (Int -2)
Your system is resistant to poisons. (rPois)
Your muscles are strong. (Str +2)


Message History

The yak is lightly wounded.
You hit the yak.
You feel better.
You hit the yak. You slash the yak! You slash the komodo dragon!
The komodo dragon closely misses you. The yak gores you but does no damage.
The yak barely misses you. The yak gores you. The yak closely misses you.
The komodo dragon barely misses you.
The yak gores you but does no damage. x2
The yak gores you.
You slash the torpor snail!
You feel better.
The torpor snail is moderately wounded.
You hit the komodo dragon.
You feel better.
You completely miss the yak. You hit the yak.
You feel better.
You hit the yak.
You feel better.
The komodo dragon bites you but does no damage.
The yak gores you! x2; You block the yak's attack.
The komodo dragon bites you! The yak gores you. You block the yak's attack.
The yak gores you but does no damage.
You hit the torpor snail but do no damage.
The torpor snail is moderately wounded.
You hit the yak. You barely miss the yak. You hit the yak but do no damage.
You barely miss the komodo dragon.
The komodo dragon bites you but does no damage.
The torpor snail bites you. The yak gores you but does no damage.
The yak barely misses you. You block the yak's attack.
You block the komodo dragon's attack.
The torpor snail bites you but does no damage.
The yak gores you!
Your body deteriorates!
You feel dopey. You block the yak's attack. The yak closely misses you.
You hit the torpor snail.
You feel better.
The torpor snail is moderately wounded.
You hit the yak.
You feel better.
You slash the yak! x2; You feel better. You slash the komodo dragon!
You feel better. The komodo dragon bites you!!
* * * LOW HITPOINT WARNING * * *
The yak barely misses you. You block the yak's attack. The yak gores you!
* * * LOW HITPOINT WARNING * * *
The komodo dragon bites you!!
* * * LOW HITPOINT WARNING * * *
The torpor snail bites you.
* * * LOW HITPOINT WARNING * * *
The yak gores you.
You die...

..........[.................
#..⌠..<..⌠..##.....P.......
#..........#.............# .. ,
#.....⌠....#............# ...,
###......##............#####...
##..'###............#..P#.P..
,, #....##............>^.......
#.....#.......Y.......$.....
##⌠.<.⌠.#....Y@l#.......##.#, *
,#......#.....Yw#.....$...##.,
...##.⌠.........Y..............
... #####..............P.......
.# ##...............PP#..#, #
** #...............### .# * , ,
,* #...............# . , , ,,
..................,, ,, , ,, ,
................., , ,


You could see a torpor snail, a komodo dragon and 4 yaks.

Vanquished Creatures
  A two-headed ogre (D:10)
  A lindwurm (Lair:3)
  2 black mambas (Lair:1)
  9 cane toads
  An unseen horror (D:11)
  3 komodo dragons
  A troll (D:11)
  A polar bear (Lair:3)
  Grinder (D:6)
  4 dream sheep (Lair:3)
  2 hornets (D:10)
  8 blink frogs
  2 shadows
  2 wyverns
  30 yaks
  A wraith (D:11)
  A basilisk (Lair:1)
  4 redbacks (Lair:3)
  Grum (D:9)
  10 water moccasins
  An orc warrior (D:11)
  A sky beast (D:8)
  4 black bears
  2 ice beasts (D:6)
  2 ogres
  9 wolves
  4 centaurs
  A phantom (D:6)
  2 kobold brigands
  2 necrophages (D:4)
  11 bullfrogs
  2 scorpions (D:4)
  6 wights
  3 killer bees (D:7)
  2 howler monkeys
  A jelly (D:8)
  4 hounds
  A gnoll shaman (D:9)
  An orc priest (D:11)
  5 iguanas
  Terence (D:2)
  5 orc wizards
  3 mummies (Ossuary)
  12 gnolls
  8 adders
  2 white imps (D:6)
  3 ufetubi (D:4)
  An adder zombie (Ossuary)
  2 worms
  A dart slug (D:4)
  22 orcs
  8 ball pythons
  3 bats
  8 endoplasms
  2 giant cockroaches
  7 hobgoblins
  6 jackals
  A quokka (D:1)
  3 frilled lizards
  A gnoll zombie (Ossuary)
  8 goblins
  4 goblin zombies (Ossuary)
  4 hobgoblin zombies (Ossuary)
  7 kobolds
  4 kobold zombies (Ossuary)
  2 quokka zombies (Ossuary)
  9 rats
  2 rat zombies (Ossuary)
288 creatures vanquished.

Vanquished Creatures (others)
  45 fungi
  75 plants
  6 toadstools (Lair:3)
126 creatures vanquished.

Grand Total: 414 creatures vanquished

Notes
Turn   | Place    | Note
-------+----------+-------------------------------------------
     0 | D:1      | Antichthon the Deep Dwarf Necromancer began the quest for
                  | the Orb.
     0 | D:1      | Reached XP level 1. HP: 15/15 MP: 3/3
   721 | D:1      | Reached XP level 2. HP: 17/22 MP: 4/4
  1170 | D:1      | Reached skill level 5 in Necromancy
  1187 | D:1      | Reached skill level 1 in Armour
  1208 | D:1      | Reached XP level 3. HP: 23/28 MP: 4/4
  1232 | D:2      | Learned a level 3 spell: Vampiric Draining
  1524 | D:2      | Reached XP level 4. HP: 34/36 MP: 5/5
  1602 | D:2      | Found a sacrificial altar of Ru.
  1603 | D:2      | Noticed Terence
  1646 | D:2      | Killed Terence
  1921 | D:3      | Reached skill level 6 in Necromancy
  1922 | D:3      | Reached XP level 5. HP: 35/42 MP: 5/5
  2856 | D:4      | Reached XP level 6. HP: 35/49 MP: 0/8
  3012 | D:4      | Reached skill level 7 in Necromancy
  3649 | D:5      | Entered Level 5 of the Dungeon
  3685 | D:4      | Reached XP level 7. HP: 26/53 MP: 10/10
  3755 | D:5      | Found a staircase to the Ecumenical Temple.
  3780 | D:5      | Found a sand-covered staircase.
  3786 | Ossuary  | Entered an ossuary
  4094 | Temple   | Entered the Ecumenical Temple
  4280 | Temple   | Became a worshipper of Makhleb the Destroyer
  4537 | D:5      | Reached skill level 8 in Necromancy
  4814 | D:6      | Reached skill level 5 in Spellcasting
  4853 | D:6      | Reached skill level 1 in Invocations
  4853 | D:6      | Reached XP level 8. HP: 43/63 MP: 2/12
  4886 | D:6      | Reached skill level 1 in Axes
  5007 | D:6      | Reached skill level 1 in Shields
  5116 | D:6      | Reached skill level 1 in Fighting
  5130 | D:6      | Learned a level 1 spell: Animate Skeleton
  5405 | D:6      | Noticed Grinder
  5416 | D:6      | Paralysed by Grinder for 2 turns
  5425 | D:6      | Killed Grinder
  5797 | D:6      | Found Tiujoemn's Antique Weapon Shop.
  6573 | D:7      | Reached skill level 9 in Necromancy
  6811 | D:7      | Gained mutation: You passively map the area around you.
                  | [Deep Dwarf growth]
  6811 | D:7      | Reached XP level 9. HP: 54/73 MP: 3/15
  8691 | D:8      | Found a transporter.
  8696 | D:8      | Noticed sammy202020's ghost (novice DsBe)
  8904 | D:8      | Found a transporter.
  8916 | D:8      | Noticed a moth of wrath
  9337 | D:8      | Found a basalt altar of Yredelemnul.
  9505 | D:9      | Reached skill level 10 in Necromancy
  9651 | D:8      | Reached XP level 10. HP: 31/84 MP: 17/17
  9665 | D:8      | Reached * piety under Makhleb
  9874 | D:9      | Reached skill level 5 in Armour
 10266 | D:9      | Found a staircase to the Lair.
 10813 | D:9      | Reached skill level 5 in Invocations
 11082 | D:9      | Noticed Grum
 11463 | D:9      | Reached skill level 11 in Necromancy
 11480 | D:9      | Killed Grum
 11480 | D:9      | Reached ** piety under Makhleb
 11665 | D:9      | Gained mutation: Your magical capacity is low. (-10% MP)
                  | [potion of mutation]
 11666 | D:9      | Lost mutation: Your magical capacity is low. (-10% MP)
                  | [potion of mutation]
 11666 | D:9      | Gained mutation: You are agile. (Dex +2) [potion of
                  | mutation]
 11666 | D:9      | Gained mutation: You have hidden genetic defects. [potion
                  | of mutation]
 11666 | D:9      | Gained mutation: Your muscles are strong. (Str +2) [potion
                  | of mutation]
 11666 | D:9      | Gained mutation: Your muscles are very strong. (Str +4)
                  | [potion of mutation]
 11667 | D:9      | Lost mutation: You are agile. (Dex +2) [potion of mutation]
 11667 | D:9      | Lost mutation: Your muscles are very strong. (Str +4)
                  | [potion of mutation]
 11667 | D:9      | Gained mutation: You are strong-willed. (Will+) [potion of
                  | mutation]
 11667 | D:9      | Gained mutation: Your skin changes colour to match your
                  | surroundings (Stealth+). [potion of mutation]
 11667 | D:9      | Gained mutation: Your body sometimes deteriorates upon
                  | taking damage. [potion of mutation]
 11918 | D:10     | Entered Level 10 of the Dungeon
 11929 | D:10     | Noticed a two-headed ogre
 11940 | D:10     | Killed a two-headed ogre
 11941 | D:10     | Reached skill level 5 in Dodging
 11941 | D:10     | Reached XP level 11. HP: 55/91 MP: 2/18
 11947 | D:10     | Identified the +3 leather armour of the Howling Gods
                  | {Str+4}
 12134 | D:10     | Found the ring of Shadows {Umbra +Inv Stlth+}
 12140 | D:10     | Noticed an orange crystal statue
 12444 | D:9      | Gained mutation: You are dopey. (Int -2) [hidden defects]
 12710 | D:10     | Paralysed by a hornet for 3 turns
 13470 | D:11     | Reached skill level 5 in Axes
 13708 | D:11     | Noticed Lodul
 13783 | Lair:1   | Entered Level 1 of the Lair of Beasts
 13873 | Lair:1   | Gained mutation: Your body often deteriorates upon taking
                  | damage. [hidden defects]
 13873 | Lair:1   | Lost mutation: You have hidden genetic defects. [hidden
                  | defects expressed]
 13883 | Lair:1   | Reached skill level 5 in Shields
 15835 | Lair:2   | Noticed Fannar
 15835 | Lair:2   | Noticed a five-headed hydra
 16679 | Lair:3   | Reached skill level 12 in Necromancy
 16691 | Lair:3   | Reached *** piety under Makhleb
 16708 | Lair:3   | Reached XP level 12. HP: 86/100 MP: 12/19
 16854 | Lair:3   | HP: 1/100 [cane toad (13)]
 17253 | Lair:3   | Lost mutation: Your skin changes colour to match your
                  | surroundings (Stealth+). [potion of mutation]
 17253 | Lair:3   | Lost mutation: Your body often deteriorates upon taking
                  | damage. [potion of mutation]
 17253 | Lair:3   | Lost mutation: You are strong-willed. (Will+) [potion of
                  | mutation]
 17253 | Lair:3   | Gained mutation: Your system is resistant to poisons.
                  | (rPois) [potion of mutation]
 17253 | Lair:3   | Gained mutation: You have large cloven feet. [potion of
                  | mutation]
 17253 | Lair:3   | Gained mutation: You have supernaturally acute eyesight.
                  | (SInv) [potion of mutation]
 17801 | Lair:3   | Identified a scroll of acquirement
 17801 | Lair:3   | Acquired a +0 buckler of reflection
 17936 | Lair:3   | Noticed a catoblepas
 17936 | Lair:3   | Noticed a dire elephant
 17956 | Lair:3   | Found a runed translucent door.
 18229 | Lair:3   | Found a hole to the Spider Nest.
 18751 | Lair:3   | Reached skill level 5 in Fighting
 19242 | Lair:4   | HP: 3/103 [komodo dragon (22)]
 19242 | Lair:4   | HP: 1/103 [torpor snail (2)]
 19242 | Lair:4   | Slain by a yak

Illustrated notes

Levels and vault maps discovered:
D:1:      lightli_arrival_maybe_door_vault, layout_basic
D:2:      layout_basic, basic_altar, uniq_terence
D:3:      layout_loops_ring, serial_glass, glass_columns_a, glass_columns_c,
          glass_columns_c, glass_columns_a, grunt_ministairs_7
D:4:      layout_basic
D:5:      layout_cave_pools, minmay_temple_entry_large_hall,
          nicolae_ossuary_entry_plus
D:6:      minmay_angry_zag, layout_layer_cave, serial_shops, shop, uniq_grinder
D:7:      layout_loops_corners, hangedman_glass_teeth
D:8:      layout_loops_corners, kennysheep_mini,
          gammafunk_ghost_berserking_beasts
D:9:      layout_stronghold, due_lair_maze_entry_diamond, uniq_grum
D:10:     layout_gridville, minivault_15, hangedman_decor_opposing
D:11:     layout_basic, uniq_lodul, uniq_urug
Temple:   compressed_dpeg_triangle_lava_temple
Lair:1:   layout_loops_ring
Lair:2:   layout_long_grid, chequers_serial_rivers_micro_e, uniq_fannar
Lair:3:   gammafunk_lair_enchanted_lake, layout_regular_city,
          spider_nest_entry_funnel_web, beast_lair_carwin_10
Lair:4:   layout_long_grid, minmay_shoals_entry_beasts, grunt_megastairs_3,
          lemuel_fruit_fields

Skill      XL: |  1  2  3  4  5  6  7  8  9 10 11 12 |
---------------+-------------------------------------+-----
Necromancy     | 5 6 7 8 9 10 11 12 | 12.4
Armour         | 1 2 3 4 6 7 |  7.6
Spellcasting   | 2 3 4 5 6 7 8 9 |  9.1
Invocations    | 1 2 4 5 6 7 |  7.1
Axes           | 2 3 4 6 |  6.7
Shields        | 2 3 4 5 6 |  6.0
Fighting       | 1 3 4 5 |  5.0
Dodging        | 3 4 5 6 |  6.3
Stealth        | |  2.4

Action                   |  1- 3 |  4- 6 |  7- 9 | 10-12 || total
-------------------------+-------+-------+-------+-------++-------
Melee: Unarmed           |    15 |       |       |       ||    15
       Hand axe          |   115 |    38 |       |       ||   153
       Whip              |     4 |       |       |       ||     4
       Punch             |     2 |       |     2 |     8 ||    12
       Flail             |       |   125 |   232 |   180 ||   537
       Broad axe         |       |       |       |   292 ||   292
 Cast: Pain              |    11 |     1 |       |       ||    12
       Vampiric Draining |       |    13 |    79 |   205 ||   297
       Animate Skeleton  |       |       |     1 |       ||     1
 Abil: Heal Wounds       |     3 |     5 |     4 |    13 ||    25
Evoke: Wand              |       |       |     4 |     7 ||    11
  Use: Scroll            |     5 |     4 |     8 |    16 ||    33
       Potion            |       |       |       |    10 ||    10
 Stab: Sleeping          |       |     1 |       |       ||     1
Armor: Robe              |    11 |       |       |       ||    11
       Ring mail         |    42 |   106 |    55 |       ||   203
       Scale mail        |       |       |    47 |   225 ||   272
       Plate armour      |       |       |       |    99 ||    99
Dodge: Dodged            |   111 |   151 |   224 |   660 ||  1146
Block: Buckler           |       |       |       |    37 ||    37

Table legend: (Time is in decaauts)
 A = Elapsed time spent in this place.
 B = Non-inter-level travel time spent in this place.
 C = Inter-level travel time spent in this place.
 D = Time resting spent in this place.
 E = Time spent auto-exploring this place.
 F = Levels seen in this place.
 G = Mean time per level.
                   A        B        C        D        E       F      G
               +--------+--------+--------+--------+--------+-----+--------+
         Total |  19630 |  18685 |    945 |   2314 |  11943 |  17 | 1154.7 |
       Dungeon |  13649 |  12912 |    737 |    706 |   9283 |  11 | 1240.8 |
        Temple |    205 |    186 |     19 |      0 |    134 |   1 |  205.0 |
          Lair |   5575 |   5386 |    189 |   1608 |   2521 |   4 | 1393.8 |
       Ossuary |    199 |    199 |      0 |      0 |      5 |   1 |  199.0 |
               +--------+--------+--------+--------+--------+-----+--------+

Top non-repeatable levels by time:
  Lair:3: 2886 daAuts
     D:9: 2466 daAuts
  Lair:1: 1874 daAuts
     D:6: 1871 daAuts
     D:8: 1658 daAuts
     D:7: 1356 daAuts
     D:1: 1203 daAuts
     D:4: 1124 daAuts
    D:10: 1104 daAuts
     D:3: 833 daAuts
     D:5: 728 daAuts
  Lair:2: 714 daAuts
     D:2: 692 daAuts
    D:11: 611 daAuts
  Temple: 205 daAuts
